 Dungeon Crawl Stone Soup version 0.31-a0-174-g85c54bcb58 (webtiles) character file.

Game seed: 9653369422339715996

5134 qw the Skirmisher (level 10, -4/96 HPs)
             Began as a Naga Hunter on June 15, 2023.
             Was a Follower of Okawaru.
             Slain by Urug
             ... wielding a +6 vampiric double sword
              (38 damage)
             ... on level 10 of the Dungeon.
             The game lasted 00:03:13 (8106 turns).

qw the Skirmisher (Naga Hunter)                     Turns: 8106, Time: 00:03:14

Health: -4/96      AC:  9    Str: 12    XL:     10   Next: 58%
Magic:  12/13      EV: 15    Int:  9    God:    Okawaru [*.....]
Gold:   327        SH:  5    Dex: 19    Spells: 9/9 levels left

rFire   . . .        Y - +0 orcbow
rCold   . . .        (shield currently unavailable)
rNeg    . . .        l - +1 robe of Spite {+Inv rElec rPois Archmagi}
rPois   +            (no helmet)
rElec   +            f - +1 cloak
rCorr   .            t - +0 pair of gloves
SInv    +            (no barding)
Will    +....        a - amulet of reflection
Stlth   ++++         (no ring)
HPRegen 0.36/turn    (no ring)
MPRegen 0.13/turn

%: reflection, archmagi
@: short of breath, heroic, very slow
A: AC +3, large, see invisible, deformed body, poison resistance, slowness 2,
spit poison 1, naga tail 1, weak 1, sturdy frame 1
a: Spit Poison, Renounce Religion, Evoke Invisibility, Heroism


You were on level 10 of the Dungeon.
You worshipped Okawaru.
Okawaru was aware of your devotion.
You visited 2 branches of the dungeon, and saw 11 of its levels.

You collected 515 gold pieces.
You spent 188 gold pieces at shops.


Innate Abilities, Weirdness & Mutations

Your serpentine skin is tough. (AC +3)
You have supernaturally acute eyesight. (SInv)
Armour fits poorly on your strangely shaped body.
Your system is resistant to poisons. (rPois)
You cover ground very slowly.
You can spit poison.
You have a snake-like lower body.
You are weak. (Str -2)
Your movements are slightly less encumbered by armour. (ER -2)


   Skills:
 - Level 8.2(13.2) Fighting
 + Level 11.0(16.0) Ranged Weapons
 - Level 2.0(7.0) Armour
 - Level 4.1(9.1) Dodging
 - Level 1.5(6.5) Stealth
 - Level 4.1 Invocations


You had 9 spell levels left.
You didn't know any spells.
Your spell library was empty.

Inventory:

Hand Weapons
 Y - a +0 orcbow (weapon)
Armour
 f - a +1 cloak (worn)
 l - the +1 robe of Spite (worn) {+Inv rElec rPois Archmagi}
   (You found it on level 9 of the Dungeon)

   rElec:     It insulates you from electricity.
   rPois:     It protects you from poison.
   +Inv:      It lets you turn invisible.
   Archmagi:  It increases the power of your magical spells.
 t - a +0 pair of gloves (worn)
Jewellery
 a - an amulet of reflection (around neck)
 m - a ring of fire
Scrolls
 d - a scroll of identify
Potions
 b - a potion of mutation
 e - a potion of resistance
 h - a potion of might
 j - a potion of invisibility {unknown}
 k - a potion of ambrosia {unknown}
 n - a potion of attraction {unknown}
 o - a potion of haste {unknown}

Dungeon Overview and Level Annotations

Branches:
Dungeon (10/15)            Temple (1/1) D:5
   Lair: D:8-11         Orc: D:9-12

Altars:
Ashenzari
Cheibriados
Dithmenos
Elyvilon
Fedhas
Gozag
Hepliaklqana
Kikubaaqudgha
Makhleb
Nemelex Xobeh
Okawaru
Qazlal
Ru
Sif Muna
Trog
Uskayaw
Vehumet
Wu Jian
Xom
Yredelemnul
Zin
The Shining One

Shops:
D:3 !   D:4 (=   D:7 *

Annotations:
D:7 1 runed translucent door, Crazy Yiuf
D:10 Urug


Message History

You open the door.
Found 6 stones.
There is an open door here.
There is an open door here.
You open the door.
Urug the Orcish Ballista comes into view.
She is wielding a +6 vampiric double sword and quivering silver javelins.
8097 ||| INVOKING Heroism.
You gain the combat prowess of a mighty hero.
8098 ||| INVOKING Spit Poison.
Aiming: Spit Poison (1% risk of failure)
Press: ? - help, Shift-Dir - straight line, f - Urug The splash of poison misses Urug.
Urug throws a silver javelin.
The silver javelin closely misses you.
You shoot an arrow. The arrow hits Urug but does no damage.
You shoot an arrow. The arrow hits Urug!
Urug is moderately wounded.
You shoot an arrow. The arrow closely misses Urug.
Urug throws a silver javelin.
The silver javelin pierces through you!!
The silver sears you!
You shoot an arrow. The arrow hits Urug.
Urug is moderately wounded.
You shoot an arrow. The arrow hits Urug but does no damage.
Urug is moderately wounded.
You shoot an arrow. The arrow hits Urug!
Urug is heavily wounded.
You have got your breath back.
Urug hits you with a +6 vampiric double sword!!
Urug draws strength from your wounds!
8105 ||| INVOKING Spit Poison.
Aiming: Spit Poison (1% risk of failure)
Press: ? - help, Shift-Dir - straight line, f/p - Urug The splash of poison hits Urug!
Urug is poisoned.
Urug is moderately wounded.
Urug hits you with a +6 vampiric double sword!!
Urug draws strength from your wounds!
8106 ||| DRINKING potion of heal wounds.
You feel much better.
Urug hits you with a +6 vampiric double sword!!!
You die...

## ... ########### ....
##...<....####### .....
<...............##......
.#........#####.@o......
.#........# ####......
.#........# .....
########.## .... # #..#
+## # ##.## ##..# #..##
##'########


You could see Urug (poisoned).

Vanquished Creatures
  A cyclops (D:9)
  Maurice (D:8)
  An unseen horror (D:7)
  Grinder (D:3)
  Prince Ribbit (D:7)
  A wyvern (D:8)
  A water moccasin (D:5)
  4 ice beasts (D:6)
  A sky beast (D:7)
  A black bear (D:6)
  3 ogres
  6 centaurs
  A kobold brigand (D:7)
  2 bullfrogs
  A gnoll sergeant (D:7)
  8 scorpions
  7 wights
  8 killer bees
  A howler monkey (D:6)
  A hound (D:5)
  A jelly (D:7)
  3 orc priests
  2 sleepcaps
  7 iguanas
  Natasha (thrice) (D:3)
  5 orc wizards
  3 gnolls (D:7)
  4 adders
  2 shadow imps (D:7)
  A white imp (D:5)
  A worm (D:2)
  3 dart slugs
  31 orcs
  10 ball pythons
  5 bats
  9 endoplasms
  4 giant cockroaches
  10 goblins
  4 hobgoblins
  3 jackals (D:2)
  7 quokkas
  4 frilled lizards
  9 kobolds
  8 rats
190 creatures vanquished.

Notes
Turn   | Place    | Note
-------+----------+-------------------------------------------
     0 | D:1      | qw the Naga Hunter began the quest for the Orb.
     0 | D:1      | Reached XP level 1. HP: 19/19 MP: 1/1
     0 | D:1      | 0 ||| qw: Version: 0.2-a-29-g511e9b1
     0 | D:1      | 0 ||| qw: Game counter: 5312
     0 | D:1      | 0 ||| qw: Always use a shield: true
     0 | D:1      | 0 ||| qw: God list: Okawaru
     0 | D:1      | 0 ||| qw: Allow faded altars: false
     0 | D:1      | 0 ||| qw: Do Orc after D:15 true
     0 | D:1      | 0 ||| qw: Do second Lair branch before Depths: true
     0 | D:1      | 0 ||| qw: Lair rune preference: random
     0 | D:1      | 0 ||| qw: Plans: Normal
     0 | D:1      | 0 ||| PLANNING D:1-11
     8 | D:1      | Noticed an electric eel
    33 | D:1      | 33 ||| INVOKING Spit Poison.
    41 | D:1      | 41 ||| INVOKING Spit Poison.
    83 | D:1      | Reached skill level 4 in Ranged Weapons
    83 | D:1      | Reached XP level 2. HP: 26/26 MP: 2/2
    96 | D:1      | 96 ||| INVOKING Spit Poison.
   123 | D:1      | 123 ||| INVOKING Spit Poison.
   243 | D:1      | 243 ||| INVOKING Spit Poison.
   265 | D:1      | 265 ||| INVOKING Spit Poison.
   361 | D:1      | 361 ||| INVOKING Spit Poison.
   417 | D:1      | 417 ||| INVOKING Spit Poison.
   421 | D:1      | 421 ||| INVOKING Spit Poison.
   425 | D:1      | 425 ||| INVOKING Spit Poison.
   441 | D:1      | 441 ||| INVOKING Spit Poison.
   493 | D:1      | 493 ||| INVOKING Spit Poison.
   577 | D:1      | 577 ||| DROPPING ring of flight.
   578 | D:1      | 578 ||| READING scroll labelled ZOVINNOUKO.
   579 | D:1      | 579 ||| READING scroll labelled CEROIL WIUNT.
   580 | D:1      | 580 ||| READING scroll labelled UFU ZEUSUZU.
   583 | D:1      | 583 ||| READING scroll labelled ANA NYUPIUNUF.
   584 | D:1      | 584 ||| DROPPING scroll of butterflies.
   632 | D:2      | 632 ||| INVOKING Spit Poison.
   637 | D:2      | 637 ||| INVOKING Spit Poison.
   641 | D:2      | 641 ||| INVOKING Spit Poison.
   644 | D:2      | Reached XP level 3. HP: 24/32 MP: 3/3
   670 | D:2      | 670 ||| INVOKING Spit Poison.
   687 | D:2      | 687 ||| INVOKING Spit Poison.
   743 | D:2      | 743 ||| INVOKING Spit Poison.
   749 | D:2      | 749 ||| INVOKING Spit Poison.
   848 | D:2      | 848 ||| INVOKING Spit Poison.
   917 | D:2      | 917 ||| INVOKING Spit Poison.
   968 | D:2      | 968 ||| INVOKING Spit Poison.
   974 | D:2      | 974 ||| INVOKING Spit Poison.
  1069 | D:2      | 1069 ||| UPGRADING to amulet of reflection.
  1074 | D:2      | 1074 ||| READING scroll labelled SEXTAUT VATIP.
  1075 | D:2      | 1075 ||| DRINKING 2 coppery potions.
  1076 | D:2      | 1076 ||| DROPPING potion of magic.
  1082 | D:3      | Found Ezeliat's Distillery.
  1091 | D:3      | 1091 ||| SHOPLISTING 2 potions of heal wounds (120 gold,
                  | have 77).
  1091 | D:3      | 1091 ||| SHOPLISTING potion of cancellation (96 gold, have
                  | 77).
  1091 | D:3      | 1091 ||| BUYING potion of heal wounds (60 gold).
  1091 | D:3      | Bought a potion of heal wounds for 60 gold pieces
  1091 | D:3      | 1091 ||| SHOPLISTING potion of heal wounds (60 gold, have
                  | 17).
  1091 | D:3      | 1091 ||| SHOPLISTING potion of mutation (96 gold, have 17).
  1098 | D:3      | 1098 ||| INVOKING Spit Poison.
  1099 | D:3      | Reached skill level 5 in Ranged Weapons
  1103 | D:3      | Reached XP level 4. HP: 39/39 MP: 4/4
  1106 | D:3      | 1106 ||| INVOKING Spit Poison.
  1163 | D:3      | 1163 ||| INVOKING Spit Poison.
  1188 | D:3      | Noticed Grinder
  1189 | D:3      | 1189 ||| INVOKING Spit Poison.
  1201 | D:3      | Paralysed by Grinder for 3 turns
  1209 | D:3      | Killed Grinder
  1210 | D:3      | Reached XP level 5. HP: 34/52 MP: 5/5
  1210 | D:3      | Reached XP level 6. HP: 40/61 MP: 6/6
  1338 | D:3      | Noticed Natasha
  1339 | D:3      | 1339 ||| INVOKING Spit Poison.
  1342 | D:3      | Killed Natasha
  1382 | D:3      | Noticed Natasha
  1383 | D:3      | 1383 ||| INVOKING Spit Poison.
  1389 | D:3      | 1389 ||| INVOKING Spit Poison.
  1393 | D:3      | 1393 ||| INVOKING Spit Poison.
  1393 | D:3      | Killed Natasha
  1518 | D:3      | 1518 ||| INVOKING Spit Poison.
  1576 | D:3      | Noticed Natasha
  1578 | D:3      | 1578 ||| INVOKING Spit Poison.
  1579 | D:3      | Killed Natasha
  1686 | D:3      | Identified the staff of earth "Hapik" {Drain Dex+8}
  1698 | D:3      | 1698 ||| INVOKING Spit Poison.
  1750 | D:3      | 1750 ||| READING scroll labelled JOISECZINE.
  1751 | D:3      | 1751 ||| DRINKING 2 lumpy pink potions.
  1751 | D:3      | Gained mutation: You are weak. (Str -2) [potion of
                  | mutation]
  1751 | D:3      | Gained mutation: Your movements are slightly less
                  | encumbered by armour. (ER -2) [potion of mutation]
  1780 | D:4      | 1780 ||| INVOKING Spit Poison.
  1810 | D:4      | Found Dimeuxu's Antique Weapon Shoppe.
  1819 | D:4      | 1819 ||| SHOPLISTING glowing orcbow (143 gold, have 69).
  1819 | D:4      | 1819 ||| SHOPLISTING runed longbow (209 gold, have 69).
  1833 | D:4      | 1833 ||| INVOKING Spit Poison.
  1838 | D:4      | 1838 ||| INVOKING Spit Poison.
  1855 | D:4      | 1855 ||| INVOKING Spit Poison.
  1860 | D:4      | 1860 ||| INVOKING Spit Poison.
  1867 | D:4      | 1867 ||| INVOKING Spit Poison.
  1921 | D:4      | 1921 ||| INVOKING Spit Poison.
  1923 | D:4      | Reached skill level 6 in Ranged Weapons
  1923 | D:4      | Reached XP level 7. HP: 67/67 MP: 7/7
  1945 | D:4      | 1945 ||| INVOKING Spit Poison.
  1951 | D:4      | 1951 ||| INVOKING Spit Poison.
  1961 | D:4      | 1961 ||| INVOKING Spit Poison.
  1966 | D:4      | 1966 ||| INVOKING Spit Poison.
  2059 | D:4      | Identified the +6 falchion of Woudith {flame, rC+ Dex+2
                  | SInv}
  2155 | D:4      | 2155 ||| INVOKING Spit Poison.
  2159 | D:4      | 2159 ||| INVOKING Spit Poison.
  2163 | D:4      | 2163 ||| INVOKING Spit Poison.
  2224 | D:4      | Found Rejeo's Jewellery Shop.
  2230 | D:4      | 2230 ||| SHOPLISTING +5 ring of evasion (396 gold, have
                  | 132).
  2230 | D:4      | 2230 ||| SHOPLISTING ring of positive energy (220 gold,
                  | have 132).
  2230 | D:4      | 2230 ||| SHOPLISTING ring of willpower (275 gold, have
                  | 132).
  2286 | D:4      | 2286 ||| READING scroll labelled QEMUOSCH JUMONT.
  2292 | D:5      | Entered Level 5 of the Dungeon
  2314 | D:5      | Found a staircase to the Ecumenical Temple.
  2315 | D:5      | 2315 ||| PLANNING TEMPLE
  2323 | Temple   | Entered the Ecumenical Temple
  2336 | Temple   | 2336 ||| PLANNING OKAWARU WORSHIP
  2515 | Temple   | Became a worshipper of Warmaster Okawaru
  2516 | Temple   | 2516 ||| PLANNING D:1-11
  2531 | D:5      | 2531 ||| INVOKING Spit Poison.
  2559 | D:5      | 2559 ||| INVOKING Spit Poison.
  2565 | D:5      | 2565 ||| INVOKING Spit Poison.
  2568 | D:5      | 2568 ||| INVOKING Spit Poison.
  2572 | D:5      | 2572 ||| INVOKING Spit Poison.
  2574 | D:5      | Reached skill level 7 in Ranged Weapons
  2574 | D:5      | HP: 16/67 [orc wizard/+0 dagger (2)]
  2574 | D:5      | HP: 4/67 [ogre/+0 giant spiked club (12)]
  2575 | D:5      | 2575 ||| READING 3 scrolls of teleportation.
  2576 | D:5      | 2576 ||| DRINKING 3 potions of heal wounds.
  2577 | D:5      | 2577 ||| INVOKING Spit Poison.
  2760 | D:5      | 2760 ||| INVOKING Spit Poison.
  2851 | D:5      | Reached XP level 8. HP: 61/74 MP: 8/8
  2933 | D:5      | 2933 ||| INVOKING Spit Poison.
  2935 | D:5      | Reached * piety under Okawaru
  2943 | D:5      | 2943 ||| INVOKING Spit Poison.
  2946 | D:5      | Reached skill level 8 in Ranged Weapons
  2948 | D:5      | 2948 ||| INVOKING Spit Poison.
  2950 | D:5      | Reached skill level 1 in Invocations
  3013 | D:5      | 3013 ||| INVOKING Spit Poison.
  3016 | D:5      | 3016 ||| INVOKING Spit Poison.
  3023 | D:5      | 3023 ||| INVOKING Spit Poison.
  3128 | D:5      | 3128 ||| INVOKING Spit Poison.
  3132 | D:5      | 3132 ||| INVOKING Spit Poison.
  3135 | D:5      | 3135 ||| INVOKING Spit Poison.
  3141 | D:5      | 3141 ||| INVOKING Spit Poison.
  3384 | D:5      | Found a bloodstained altar of Trog.
  3440 | D:5      | 3440 ||| INVOKING Spit Poison.
  3452 | D:5      | 3452 ||| INVOKING Spit Poison.
  3544 | D:5      | Found a radiant altar of Vehumet.
  3553 | D:5      | Found an opulent altar of Gozag.
  3630 | D:5      | 3630 ||| READING scroll labelled IGGUOC AMENYT.
  3725 | D:6      | 3725 ||| INVOKING Spit Poison.
  3733 | D:6      | 3733 ||| INVOKING Spit Poison.
  3783 | D:6      | 3783 ||| INVOKING Heroism.
  3784 | D:6      | 3784 ||| INVOKING Spit Poison.
  3968 | D:6      | 3968 ||| INVOKING Heroism.
  3970 | D:6      | 3970 ||| INVOKING Spit Poison.
  3977 | D:6      | 3977 ||| INVOKING Spit Poison.
  3984 | D:6      | 3984 ||| INVOKING Spit Poison.
  3989 | D:6      | 3989 ||| INVOKING Heroism.
  3991 | D:6      | 3991 ||| INVOKING Spit Poison.
  4156 | D:6      | 4156 ||| INVOKING Spit Poison.
  4161 | D:6      | 4161 ||| INVOKING Spit Poison.
  4166 | D:6      | Reached skill level 9 in Ranged Weapons
  4190 | D:6      | 4190 ||| INVOKING Spit Poison.
  4195 | D:6      | 4195 ||| INVOKING Spit Poison.
  4200 | D:6      | Reached skill level 3 in Invocations
  4265 | D:6      | Reached XP level 9. HP: 82/82 MP: 11/11
  4285 | D:6      | 4285 ||| INVOKING Spit Poison.
  4289 | D:6      | 4289 ||| INVOKING Heroism.
  4290 | D:6      | 4290 ||| INVOKING Spit Poison.
  4300 | D:6      | 4300 ||| INVOKING Spit Poison.
  4307 | D:6      | 4307 ||| INVOKING Spit Poison.
  4315 | D:6      | Reached skill level 3 in Dodging
  4317 | D:6      | 4317 ||| INVOKING Spit Poison.
  4319 | D:6      | 4319 ||| INVOKING Heroism.
  4327 | D:6      | 4327 ||| INVOKING Spit Poison.
  4339 | D:6      | HP: 14/82 [ice beast (10)]
  4340 | D:6      | 4340 ||| READING 3 scrolls of teleportation.
  4341 | D:6      | 4341 ||| DRINKING 3 potions of heal wounds.
  4343 | D:6      | 4343 ||| INVOKING Heroism.
  4345 | D:6      | 4345 ||| INVOKING Spit Poison.
  4349 | D:6      | 4349 ||| INVOKING Spit Poison.
  4351 | D:6      | Reached skill level 6 in Fighting
  4532 | D:6      | 4532 ||| UPGRADING to +0 orcbow.
  4533 | D:6      | 4533 ||| DROPPING +1 shortbow.
  4718 | D:6      | 4718 ||| INVOKING Spit Poison.
  4813 | D:6      | 4813 ||| INVOKING Spit Poison.
  4817 | D:6      | 4817 ||| INVOKING Spit Poison.
  4933 | D:6      | 4933 ||| INVOKING Spit Poison.
  4937 | D:6      | 4937 ||| INVOKING Spit Poison.
  5083 | D:6      | 5083 ||| INVOKING Spit Poison.
  5086 | D:6      | 5086 ||| INVOKING Spit Poison.
  5146 | D:6      | 5146 ||| UPGRADING to +0 cloak.
  5151 | D:6      | 5151 ||| DRINKING 2 brown potions.
  5152 | D:6      | 5152 ||| DRINKING 2 murky grey potions.
  5153 | D:6      | 5153 ||| READING 2 scrolls of identify.
  5153 | D:6      | 5153 ||| IDENTIFYING metallic amethyst potion
  5154 | D:6      | 5154 ||| DROPPING potion of enlightenment.
  5164 | D:7      | Noticed Prince Ribbit
  5165 | D:7      | 5165 ||| INVOKING Heroism.
  5166 | D:7      | 5166 ||| INVOKING Spit Poison.
  5175 | D:7      | 5175 ||| INVOKING Spit Poison.
  5177 | D:7      | Killed Prince Ribbit
  5197 | D:7      | Noticed an unseen horror
  5198 | D:7      | 5198 ||| INVOKING Spit Poison.
  5205 | D:7      | 5205 ||| INVOKING Spit Poison.
  5208 | D:7      | 5208 ||| INVOKING Heroism.
  5209 | D:7      | 5209 ||| INVOKING Spit Poison.
  5215 | D:7      | 5215 ||| INVOKING Spit Poison.
  5215 | D:7      | Killed an unseen horror
  5216 | D:7      | Reached skill level 10 in Ranged Weapons
  5351 | D:7      | 5351 ||| INVOKING Spit Poison.
  5355 | D:7      | 5355 ||| INVOKING Spit Poison.
  5366 | D:7      | 5366 ||| INVOKING Spit Poison.
  5367 | D:7      | 5367 ||| INVOKING Heroism.
  5403 | D:7      | 5403 ||| INVOKING Spit Poison.
  5410 | D:7      | 5410 ||| INVOKING Spit Poison.
  5411 | D:7      | 5411 ||| INVOKING Heroism.
  5416 | D:7      | 5416 ||| INVOKING Spit Poison.
  5606 | D:7      | 5606 ||| INVOKING Spit Poison.
  5635 | D:7      | 5635 ||| INVOKING Spit Poison.
  5642 | D:7      | 5642 ||| INVOKING Spit Poison.
  5646 | D:7      | 5646 ||| INVOKING Spit Poison.
  5699 | D:7      | Reached XP level 10. HP: 94/94 MP: 13/13
  5757 | D:7      | 5757 ||| INVOKING Spit Poison.
  5762 | D:7      | Reached ** piety under Okawaru
  5845 | D:7      | Found Viapoc's Assorted Antiques.
  5855 | D:7      | 5855 ||| BUYING clear potion (18 gold).
  5855 | D:7      | Bought a clear potion for 18 gold pieces
  5855 | D:7      | 5855 ||| BUYING pair of gloves (90 gold).
  5855 | D:7      | Bought a pair of gloves for 90 gold pieces
  5855 | D:7      | 5855 ||| BUYING scroll labelled YRATOHIRCHO (20 gold).
  5855 | D:7      | Bought a scroll labelled YRATOHIRCHO for 20 gold pieces
  5877 | D:7      | Found a runed translucent door.
  5878 | D:7      | Noticed Crazy Yiuf
  6112 | D:7      | 6112 ||| UPGRADING to +0 pair of gloves.
  6117 | D:7      | 6117 ||| READING scroll labelled YRATOHIRCHO.
  6118 | D:7      | 6118 ||| READING 2 scrolls of identify.
  6118 | D:7      | 6118 ||| IDENTIFYING viscous pink potion
  6119 | D:7      | 6119 ||| DROPPING potion of lignification.
  6405 | D:8      | 6405 ||| INVOKING Spit Poison.
  6411 | D:8      | 6411 ||| INVOKING Spit Poison.
  6412 | D:8      | 6412 ||| INVOKING Heroism.
  6418 | D:8      | 6418 ||| INVOKING Spit Poison.
  6420 | D:8      | HP: 23/94 [killer bee (3)]
  6421 | D:8      | 6421 ||| READING 2 scrolls of teleportation.
  6421 | D:8      | HP: 10/94 [killer bee (5)]
  6422 | D:8      | 6422 ||| DRINKING 2 potions of heal wounds.
  6424 | D:8      | 6424 ||| INVOKING Spit Poison.
  6424 | D:8      | Noticed Maurice
  6426 | D:8      | HP: 22/94 [poisoned by a killer bee]
  6427 | D:8      | 6427 ||| READING scroll of teleportation.
  6428 | D:8      | 6428 ||| DRINKING potion of heal wounds.
  6437 | D:8      | 6437 ||| INVOKING Heroism.
  6442 | D:8      | 6442 ||| INVOKING Spit Poison.
  6496 | D:8      | 6496 ||| INVOKING Heroism.
  6497 | D:8      | 6497 ||| INVOKING Spit Poison.
  6504 | D:8      | 6504 ||| INVOKING Spit Poison.
  6508 | D:8      | Reached skill level 11 in Ranged Weapons
  6508 | D:8      | 6508 ||| INVOKING Spit Poison.
  6522 | D:8      | 6522 ||| INVOKING Heroism.
  6525 | D:8      | 6525 ||| INVOKING Spit Poison.
  6613 | D:8      | 6613 ||| INVOKING Spit Poison.
  6619 | D:8      | 6619 ||| INVOKING Spit Poison.
  6634 | D:8      | Found a hide-covered altar of Uskayaw.
  6842 | D:8      | 6842 ||| INVOKING Spit Poison.
  6848 | D:8      | 6848 ||| INVOKING Spit Poison.
  6854 | D:8      | 6854 ||| INVOKING Spit Poison.
  6857 | D:8      | 6857 ||| INVOKING Heroism.
  6858 | D:8      | Killed Maurice
  6964 | D:8      | 6964 ||| INVOKING Spit Poison.
  7093 | D:8      | 7093 ||| INVOKING Spit Poison.
  7097 | D:8      | 7097 ||| INVOKING Spit Poison.
  7101 | D:8      | 7101 ||| INVOKING Spit Poison.
  7119 | D:8      | 7119 ||| INVOKING Spit Poison.
  7141 | D:8      | 7141 ||| INVOKING Spit Poison.
  7143 | D:8      | Found a sacrificial altar of Ru.
  7342 | D:8      | 7342 ||| UPGRADING to +1 cloak.
  7352 | D:8      | 7352 ||| DROPPING +0 cloak.
  7353 | D:8      | 7353 ||| READING 2 scrolls labelled KOAN LIEWKID.
  7354 | D:8      | 7354 ||| DROPPING scroll of blinking.
  7487 | D:9      | 7487 ||| INVOKING Spit Poison.
  7490 | D:9      | 7490 ||| INVOKING Spit Poison.
  7492 | D:9      | Noticed a cyclops
  7493 | D:9      | 7493 ||| INVOKING Heroism.
  7499 | D:9      | 7499 ||| INVOKING Spit Poison.
  7500 | D:9      | Killed a cyclops
  7654 | D:9      | Identified the +1 robe of Spite {+Inv rElec rPois Archmagi}
  7806 | D:9      | 7806 ||| UPGRADING to +1 robe of Spite {+Inv rElec rPois
                  | Archmagi}.
  7816 | D:9      | 7816 ||| DROPPING +0 leather armour.
  7817 | D:9      | 7817 ||| READING scroll labelled OMMIOLARUA.
  7946 | D:9      | 7946 ||| DRINKING 2 purple potions.
  8051 | D:9      | 8051 ||| DROPPING potion of berserk rage.
  8056 | D:10     | Entered Level 10 of the Dungeon
  8096 | D:10     | Noticed Urug
  8097 | D:10     | 8097 ||| INVOKING Heroism.
  8098 | D:10     | 8098 ||| INVOKING Spit Poison.
  8105 | D:10     | 8105 ||| INVOKING Spit Poison.
  8105 | D:10     | HP: 14/96 [Urug/+6 vampiric double sword (31)]
  8106 | D:10     | 8106 ||| DRINKING potion of heal wounds.
  8106 | D:10     | Slain by Urug

Levels and vault maps discovered:
D:1:      arrival_aquarium_a, layout_loops_ring
D:2:      layout_rooms
D:3:      layout_rooms, serial_shops, shop, uniq_natasha, uniq_grinder
D:4:      layout_rooms, serial_shops, shop, nicolae_shop_stone,
          minmay_box_of_dots
D:5:      layout_basic, trog_butcher_becter, mainiacjoe_overflow_swirl,
          minmay_temple_entry_junction, corexii_hall_statues_u,
          minmay_chambers_of_fives
D:6:      kennysheep_six_static_rooms, layout_cave_pods
D:7:      layout_rooms, enter_bailey_3, serial_shops, nicolae_shop_dealshenge,
          minmay_small_thing, uniq_crazy_yiuf_cottage, uniq_prince_ribbit1
D:8:      layout_basic, mainiacjoe_overflow_brackets,
          mainiacjoe_overflow_small_starburst, uniq_maurice
D:9:      layout_rooms
D:10:     layout_roguey, erik_lair_dragon, zombieorc1_lemuel, uniq_urug
Temple:   nicolae_temple_bog_church

Skill      XL: |  1  2  3  4  5  6  7  8  9 10 |
---------------+-------------------------------+-----
Ranged Weapons | 4 5 6 7 9 10 11 | 11.0
Fighting       | 5 7 8 |  8.2
Dodging        | 2 3 4 |  4.1
Invocations    | 3 4 |  4.1
Armour         | 2 |  2.0
Stealth        | |  1.5

Action                     |  1- 3 |  4- 6 |  7- 9 | 10-12 || total
---------------------------+-------+-------+-------+-------++-------
   Fire: Shortbow          |    58 |    69 |   227 |       ||   354
         Orcbow            |       |       |   106 |   153 ||   259
 Invoke: Heroism           |       |       |    10 |     7 ||    17
Ability: Spit Poison       |    24 |    17 |    68 |    26 ||   135
    Use: Scroll            |     5 |     1 |     5 |     6 ||    17
         Potion            |     1 |     1 |     4 |     4 ||    10
 Armour: Leather armour    |     7 |     3 |    53 |    31 ||    94
  Dodge: Dodged            |    15 |     8 |   121 |    65 ||   209
  Block: Other             |       |     2 |    48 |    26 ||    76
         Reflection        |       |       |     3 |     3 ||     6

Table legend:
 A = Non-vault XP
 B = Vault XP
 C = Vault XP percentage of total XP
 D = Non-vault monster count
 E = Vault monster count
 F = Vault count percentage of total count
                 A         B        C        D         E       F
            +---------+---------+-------+---------+---------+-------
      Total |    5138 |    2197 |  30.0 |     161 |      29 |  15.3
            +---------+---------+-------+---------+---------+-------
        D:1 |      27 |       0 |   0.0 |      17 |       0 |   0.0
        D:2 |      50 |       0 |   0.0 |      20 |       0 |   0.0
        D:3 |     100 |     312 |  75.7 |      19 |       2 |   9.5
        D:4 |     246 |      11 |   4.3 |      20 |       5 |  20.0
        D:5 |     612 |     235 |  27.7 |      13 |       9 |  40.9
        D:6 |    1293 |     492 |  27.6 |      21 |       6 |  22.2
        D:7 |     894 |     685 |  43.4 |      22 |       6 |  21.4
        D:8 |     984 |     462 |  32.0 |      24 |       1 |   4.0
        D:9 |     932 |       0 |   0.0 |       5 |       0 |   0.0
            +---------+---------+-------+---------+---------+-------
